 Dungeon Crawl Stone Soup version 0.31-a0-632-g766dd24fdf (webtiles) character file.

Game seed: 13054519874506208085

4769 thirtiethelement the Skirmisher (level 10, 0/73 (76) HPs)
             Began as a Demonspawn Hunter on Aug 26, 2023.
             Was a Follower of Cheibriados.
             Slain by a soul eater (6 damage)
             ... summoned by a kobold demonologist
             ... on level 8 of the Dungeon.
             The game lasted 00:21:15 (8182 turns).

thirtiethelement the Skirmisher (Demonspawn Hunter) Turns: 8182, Time: 00:21:16

HP:   0/73 (76)     AC: 13    Str: 13    XL:     10   Next: 23%
MP:   10/10         EV: 16    Int: 12    God:    Cheibriados [*.....]
Gold: 610           SH:  0    Dex: 24    Spells: 8/10 levels left

rFire   . . .        a - +0 shortbow
rCold   + . .        (shield currently unavailable)
rNeg    . . .        o - +1 leather armour {rC+}
rPois   .            (helmet restricted)
rElec   .            f - +2 cloak
rCorr   +            (no gloves)
SInv    .            I - +0 pair of boots
Will    .....        F - amulet of magic regeneration
Stlth   +++          (no ring)
HPRegen 0.32/turn    (no ring)
MPRegen 0.64/turn

%: no passive effects
@: spiked, lightly drained, very slow
A: horns 2, yellow scales 3, foul stench 1, magic regeneration
a: Renounce Religion, Bend Time


You were on level 8 of the Dungeon.
You worshipped Cheibriados.
Cheibriados was aware of your devotion.
You visited 2 branches of the dungeon, and saw 10 of its levels.
You also visited: Sewer and Ossuary.

You collected 610 gold pieces.

Inventory:

Hand Weapons
 a - a +0 shortbow (weapon)
Armour
 f - a +2 cloak (worn)
 o - a +1 leather armour of cold resistance (worn)
 I - a +0 pair of boots (worn)
Jewellery
 A - a ring of fire
 F - an amulet of magic regeneration (around neck)
 G - a ring of ice
Talismans
 g - a blade talisman
Wands
 B - a wand of polymorph (9)
 C - a wand of charming (3)
 E - a wand of roots (13)
Scrolls
 b - a scroll of butterflies
 d - 2 scrolls of revelation
 e - a scroll of summoning
 h - 9 scrolls of teleportation
 i - a scroll of brand weapon {unknown}
 j - 3 scrolls of enchant armour
 l - a scroll of enchant weapon
 p - a scroll of amnesia {unknown}
 w - a scroll of poison
 x - a scroll of silence {unknown}
 y - 3 scrolls of immolation {unknown}
 D - 2 scrolls of fog
Potions
 c - 3 potions of curing
 k - 3 potions of might
 m - a potion of enlightenment
 n - 2 potions of cancellation
 q - a potion of degeneration {unknown}
 r - 2 potions of attraction {unknown}
 s - a potion of invisibility {unknown}
 t - 3 potions of haste
 u - a potion of lignification {unknown}
 v - 3 potions of mutation {unknown}
 z - a potion of magic {unknown}


   Skills:
 + Level 6.3 Fighting
 + Level 11.6 Ranged Weapons
 + Level 4.8 Armour
 + Level 5.7 Dodging
 + Level 5.0 Stealth
 + Level 0.5 Spellcasting
 + Level 0.3 Transmutations
 + Level 0.1 Invocations


You had 8 spell levels left.
You knew the following spells:

 Your Spells              Type           Power      Damage    Failure   Level
a - Slow                  Hex            0%         N/A       36%         1
b - Sting                 Tmut/Pois      0%         1d3       36%         1

Your spell library contained the following spells:

 Spells                   Type           Power      Damage    Failure   Level
 Magic Dart               Conj           0%         1d3       36%         1
 Shock                    Conj/Air       0%         1d3       36%         1
 Poisonous Vapours        Pois/Air       0%         N/A       52%         2
 Searing Ray              Conj           0%         2d4       52%         2
 Confusing Touch          Hex            0%         N/A       75%         3
 Gell's Gravitas          Tloc           0%         N/A       75%         3
 Hailstorm                Conj/Ice       0%         3d3       75%         3
 Inner Flame              Hex/Fire       0%         N/A       75%         3
 Ozocubu's Armour         Ice            0%         N/A       75%         3
 Swiftness                Air            0%         N/A       75%         3
 Teleport Other           Tloc           0%         N/A       75%         3
 Vampiric Draining        Necr           0%         2d6       75%         3
 Airstrike                Air            0%         2d(0-16)  98%         4
 Fulminant Prism          Conj/Hex       0%         3d5       98%         4
 Olgreb's Toxic Radiance  Pois           0%         N/A       98%         4
 Summon Ice Beast         Ice/Summ       0%         N/A       98%         4
 Metabolic Englaciation   Hex/Ice        0%         N/A       100%        5
 Yara's Violent Unravell  Hex/Tmut       0%         3d3       100%        5
 Dispersal                Tloc           0%         N/A       100%        6
 Simulacrum               Ice/Necr       0%         N/A       100%        6
 Enfeeble                 Hex            0%         N/A       100%        7


Dungeon Overview and Level Annotations

Branches:
Dungeon (9/15)             Temple (1/1) D:7            Lair (0/5) D:8
  Sewer (visited)         Ossuary (visited)
    Orc: D:9-12

Altars:
Ashenzari
Cheibriados
Dithmenos
Fedhas
Gozag
Hepliaklqana
Kikubaaqudgha
Makhleb
Nemelex Xobeh
Okawaru
Qazlal
Ru
Sif Muna
Trog
Uskayaw
Vehumet
Wu Jian
Xom

Shops:
D:6 :


Innate Abilities, Weirdness & Mutations

You have a pair of horns on your head.
You are completely covered in yellow scales. (AC +4, rCorr)
You may rarely emit foul miasma when damaged in melee.
You regenerate magic rapidly.


Message History

Here: a smoke demon (summoned)
The floor.
You shoot an arrow.
The arrow closely misses the kobold demonologist.
You are covered in liquid flames!
The kobold demonologist hits you but does no damage.
The kobold demonologist barely misses you.
The red devil hits you but does no damage.
The crimson imp hits you but does no damage.
The smoke demon closely misses you.
The smoke demon hits you but does no damage. x2
You shoot an arrow.
The arrow closely misses the kobold demonologist.
You are covered in liquid flames!
The kobold demonologist barely misses you.
The kobold demonologist gestures wildly while chanting.
The red devil hits you from afar with a +0 demon trident!
Barbed spikes become lodged in your body.
The crimson imp hits you but does no damage.
The smoke demon gestures at you. Something smites you!
You shoot an arrow.
The arrow closely misses the kobold demonologist.
The red devil hits you from afar with a +0 demon trident!!
* * * LOW HITPOINT WARNING * * *
Barbed spikes become lodged in your body.
The kobold demonologist hits you with a +0 dagger.
* * * LOW HITPOINT WARNING * * *
The kobold demonologist mumbles some strange words.
Unknown command.
Okay, then.
Okay, then.
You feel much better. The crimson imp closely misses you.
The smoke demon misses you. x2; The smoke demon closely misses you.
The kobold demonologist misses you. The red devil barely misses you.
The kobold demonologist completely misses you.
The soul eater hits you!
* * * LOW HITPOINT WARNING * * *
You feel drained.
You die...

...................).# #..#
............#........# #..#
...###....#.#........# #..#
..#...#...#.#........# #..#
..#...#...#.#........# #..#
..#...#...#..........# #..#
...####...#.#..4###### #..#
...#
#####....5K35##########..##
##.#
#####3@K5.............. #.#
####.########.#..#.
#.###############.#
#......#.
#.................#
#.#.#..#.
###################
#.#.#..#. #.#.#..#.
#.#.#..#. #.#.#..#.
#.#.####.


You could see a soul eater (summoned), 2 kobold demonologists, a smoke demon
(summoned), a red devil (summoned), an iron imp (summoned), a crimson imp
(summoned) and an ufetubus (summoned).

Vanquished Creatures
  A two-headed ogre (D:8)
  A kobold demonologist (D:8)
  Grinder (D:5)
  A wyvern (D:8)
  7 yaks
  A basilisk (D:8)
  Menkaure (D:5)
  An orc warrior (D:8)
  2 water moccasins
  2 ice beasts
  2 sky beasts (D:7)
  2 black bears (D:6)
  An ogre (D:6)
  A bullfrog (D:6)
  A scorpion (D:4)
  4 wights (D:7)
  A howler monkey (D:5)
  2 hounds
  3 jellies
  2 orc priests
  Ijyb (D:5)
  2 sleepcaps (D:5)
  6 iguanas
  2 orc wizards
  8 mummies (Ossuary)
  4 gnolls (D:3)
  9 adders
  3 river rats (Sewer)
  A shadow imp (D:6)
  3 ufetubi
  A dart slug (D:4)
  14 orcs
  12 ball pythons
  5 endoplasms
  4 goblins (D:3)
  3 hobgoblins
  3 quokkas (D:3)
  3 bats
  3 frilled lizards
  A gnoll zombie (Ossuary)
  24 kobolds
  4 kobold zombies (Ossuary)
  3 orc zombies (Ossuary)
  21 rats
177 creatures vanquished.

Vanquished Creatures (others)
  A black bear (D:8)
  An orc wizard (D:7)
2 creatures vanquished.

Grand Total: 179 creatures vanquished

Notes
Turn   | Place    | Note
-------+----------+-------------------------------------------
     0 | D:1      | thirtiethelement the Demonspawn Hunter began the quest for
                  | the Orb.
     0 | D:1      | Reached XP level 1. HP: 16/16 MP: 1/1
   499 | D:1      | Reached skill level 4 in Ranged Weapons
   499 | D:1      | Gained mutation: You are partially covered in yellow
                  | scales. (AC +2) [demonic ancestry]
   499 | D:1      | Reached XP level 2. HP: 22/22 MP: 2/2
   829 | D:2      | You fall into a shaft and drop 1 floor!
   836 | D:3      | Found a glowing drain.
   841 | D:3      | Gained mutation: You have a pair of small horns on your
                  | head. [demonic ancestry]
   841 | D:3      | Reached XP level 3. HP: 27/27 MP: 3/3
   850 | Sewer    | Entered a sewer
  1157 | Sewer    | Gained mutation: You have a pair of horns on your head.
                  | [demonic ancestry]
  1157 | Sewer    | Reached XP level 4. HP: 34/34 MP: 4/4
  1321 | Sewer    | Reached skill level 5 in Ranged Weapons
  1587 | Sewer    | Reached skill level 8 in Ranged Weapons
  1587 | Sewer    | Reached skill level 5 in Dodging
  1587 | Sewer    | Reached XP level 5. HP: 39/39 MP: 5/5
  1721 | D:3      | Gained mutation: You may rarely emit foul miasma when
                  | damaged in melee. [demonic ancestry]
  1721 | D:3      | Reached XP level 6. HP: 46/46 MP: 6/6
  2661 | D:4      | Found a sand-covered staircase.
  2666 | Ossuary  | Entered an ossuary
  2793 | Ossuary  | Gained mutation: You are mostly covered in yellow scales.
                  | (AC +3) [demonic ancestry]
  2793 | Ossuary  | Reached XP level 7. HP: 28/51 MP: 7/7
  3507 | D:5      | Entered Level 5 of the Dungeon
  3509 | D:5      | Noticed Menkaure
  3519 | D:5      | Killed Menkaure
  3552 | D:4      | Reached skill level 9 in Ranged Weapons
  3819 | D:5      | Noticed Grinder
  3866 | D:4      | Reached skill level 5 in Stealth
  3866 | D:4      | Gained mutation: You are completely covered in yellow
                  | scales. (AC +4, rCorr) [demonic ancestry]
  3866 | D:4      | Reached XP level 8. HP: 31/60 MP: 8/8
  4045 | D:5      | Noticed Ijyb
  4112 | D:5      | Killed Ijyb
  4216 | D:5      | Found an iron altar of Okawaru.
  4365 | D:5      | Killed Grinder
  4942 | D:6      | Learned a level 1 spell: Slow
  4944 | D:6      | Learned a level 1 spell: Sting
  5129 | D:6      | Found Qimn's Book Shoppe.
  5236 | D:6      | Reached skill level 10 in Ranged Weapons
  5381 | D:7      | Found a staircase to the Ecumenical Temple.
  5391 | Temple   | Entered the Ecumenical Temple
  5422 | Temple   | Became a worshipper of Cheibriados the Contemplative
  5786 | D:7      | Gained mutation: You regenerate magic rapidly. [demonic
                  | ancestry]
  5786 | D:7      | Reached XP level 9. HP: 66/66 MP: 9/9
  6067 | D:7      | Reached skill level 5 in Fighting
  6825 | D:8      | Reached * piety under Cheibriados
  7470 | D:8      | Noticed a two-headed ogre
  7488 | D:8      | Reached skill level 11 in Ranged Weapons
  7577 | D:8      | Killed a two-headed ogre
  7578 | D:8      | Reached XP level 10. HP: 24/76 MP: 10/10
  7785 | D:8      | Found a staircase to the Lair.
  8058 | D:8      | Found a broken altar of Ashenzari.
  8058 | D:8      | Found an ancient bone altar of Kikubaaqudgha.
  8156 | D:9      | Noticed a rust devil
  8175 | D:8      | Noticed a smoke demon
  8181 | D:8      | HP: 1/76 [kobold demonologist/+0 dagger (3)]
  8182 | D:8      | Noticed a soul eater
  8182 | D:8      | Slain by a soul eater

Illustrated notes

Levels and vault maps discovered:
D:1:      saegor_arrival_simple_b, layout_loops_ring, minmay_misc_feat_enclosed,
          chequers_serial_rivers_room_a, minmay_misc_feat_ornament,
          grunt_decor_one_mirror
D:2:      layout_loops_cross, hellmonk_ecumenical_altar_arch_garden
D:3:      layout_loops_ring, cheibrodos_sewer_entry_sluice, grunt_ministairs_9,
          st_stairs_8, minmay_hedge_maze, hangedman_feature_mirror,
          kennysheep_generic_room_16
D:4:      layout_basic, enter_ossuary_5, hex_medium
D:5:      layout_cave_pools, mainiacjoe_overflow_swirl, nicolae_titane,
          uniq_ijyb, uniq_grinder, uniq_menkaure
D:6:      layout_gridville, serial_shops, nicolae_book_shop_shelving,
          roderic_roman_lattice
D:7:      layout_loops_ring, minmay_temple_entry_butterflies
D:8:      nicolae_hitomezashi [nicolae_hito_row, nicolae_hito_row,
          nicolae_hito_row, nicolae_hito_row, nicolae_hito_row,
          nicolae_hito_row, nicolae_hito_row, nicolae_hito_row,
          nicolae_hito_row, nicolae_hito_row, nicolae_hito_row,
          nicolae_hito_row, nicolae_hito_row, nicolae_hito_row,
          nicolae_hito_row, nicolae_hito_row, nicolae_hito_row,
          nicolae_hito_row], layout_basic, nicolae_overflow_two_pavilions,
          david_lair_generic
D:9:      layout_cave_pods, lemuel_crystal_altar, serial_glass, glass_columns_a,
          glass_columns_c, serial_shops, shop, nicolae_lakefront_shop,
          nicolae_diamond_shop, nicolae_shop_window_shopping,
          nicolae_shop_window_shopping, evilmike_butchery, uniq_harold,
          uniq_erolcha
Temple:   minmay_crystal_spiral_temple

Skill      XL: |  1  2  3  4  5  6  7  8  9 |
---------------+----------------------------+-----
Ranged Weapons | 4 8 9 10 11 | 11.6
Dodging        | 2 5 |  5.7
Armour         | 4 |  4.8
Stealth        | 4 5 |  5.0
Fighting       | 3 4 6 |  6.3
Spellcasting   | |  0.5
Transmutations | |  0.3
Invocations    | |  0.1

Action                     |  1- 3 |  4- 6 |  7- 9 | 10-12 || total
---------------------------+-------+-------+-------+-------++-------
   Fire: Shortbow          |   125 |   290 |   509 |    26 ||   950
   Cast: Sting             |       |       |     5 |       ||     5
         Slow              |       |       |     1 |       ||     1
 Invoke: Bend Time         |       |       |       |     1 ||     1
  Evoke: Wand              |       |       |       |     1 ||     1
    Use: Scroll            |       |    10 |     2 |       ||    12
         Potion            |       |     6 |       |     1 ||     7
 Armour: Leather armour    |    25 |    42 |   122 |    20 ||   209
  Dodge: Dodged            |    41 |    82 |   220 |    53 ||   396

Table legend: (Time is in decaauts)
 A = Elapsed time spent in this place.
 B = Non-inter-level travel time spent in this place.
 C = Inter-level travel time spent in this place.
 D = Time resting spent in this place.
 E = Time spent auto-exploring this place.
 F = Levels seen in this place.
 G = Mean time per level.
                   A        B        C        D        E       F      G
               +--------+--------+--------+--------+--------+-----+--------+
         Total |   8688 |   8492 |    196 |   1253 |   5090 |  12 |  724.0 |
       Dungeon |   7468 |   7272 |    196 |   1002 |   4719 |   9 |  829.8 |
        Temple |     71 |     71 |      0 |      0 |      0 |   1 |   71.0 |
         Sewer |    798 |    798 |      0 |    132 |    369 |   1 |  798.0 |
       Ossuary |    350 |    350 |      0 |    119 |      1 |   1 |  350.0 |
               +--------+--------+--------+--------+--------+-----+--------+

Top non-repeatable levels by time:
     D:8: 1868 daAuts
     D:7: 1377 daAuts
     D:3: 975 daAuts
     D:4: 857 daAuts
     D:5: 819 daAuts
   Sewer: 798 daAuts
     D:6: 726 daAuts
     D:1: 714 daAuts
 Ossuary: 350 daAuts
     D:2: 124 daAuts
  Temple: 71 daAuts
     D:9: 4 daAuts
